 Dungeon Sprint DCSS version 0.31.0-32-g396128a36d (webtiles) character file.

Game seed: 11629339113499079032

1521 Heoruswealwe the Impaler (level 8, -13/124 HPs)
             Began as a Minotaur Fighter on Mar 8, 2024.
             Was an Initiate of Gozag.
             Mangled by a tengu warrior
             ... wielding a +1 long sword
              (14 damage)
             ... in the Dungeon (Sprint IX: "|||||||||||||||||||||||||||||").
             The game lasted 00:02:54 (225 turns).

Heoruswealwe the Impaler (Minotaur Fighter)          Turns: 225, Time: 00:02:55

Health: -13/124    AC: 15    Str: 23    XL:     8   Next: 54%
Magic:  7/7        EV:  9    Int:  5    God:    Gozag
Gold:   495        SH:  0    Dex: 10    Spells: 7/7 levels left

rFire   . . .        b - +12 glaive of Prune {freeze, Prune}
rCold   . . .        (shield currently unavailable)
rNeg    . . .        c - +1 chain mail
rPois   .            (helmet restricted)
rElec   .            (no cloak)
rCorr   .            (no gloves)
SInv    .            (no boots)
Will    .....        (no amulet) Stlth
                     k - +2 ring of protection
HPRegen 0.40/turn    (no ring)
MPRegen 0.10/turn

%: no teleportation
@: berserking, gold aura, very quick
A: horns 2, retaliatory headbutt
a: Renounce Religion, Potion Petition, Call Merchant, Bribe Branch


You were in the Dungeon.
You worshipped Gozag.
Gozag was aware of your devotion.
You visited 1 branch You collected 495 gold pieces.

Inventory:

Hand Weapons
 a - a +0 trident
 b - the +12 glaive of Prune (weapon) {freeze, Prune}
   (You found it in the Dungeon)

   Prune:     It halves damage taken while paralysed, petrified or unconscious.
Armour
 c - a +1 chain mail (worn)
 d - a +0 buckler
Jewellery
 k - a +2 ring of protection (left hand)
Wands
 h - a wand of light (10)
Scrolls
 j - 2 scrolls of blinking
Potions
 e - 5 potions of curing
 f - 2 potions of heal wounds
 g - a potion of haste
 l - a potion of might


   Skills:
 + Level 12.0 Fighting
 * Level 16.0 Polearms
 + Level 12.0 Armour
 - Level 3.6 Shields


You had 7 spell levels left.
You didn't know any spells.
Your spell library was empty.

Dungeon Overview and Level Annotations

Branches:
Dungeon (1/1)

Altars:
Cheibriados
Dithmenos
Elyvilon
Fedhas
Gozag
Hepliaklqana
Kikubaaqudgha
Makhleb
Nemelex Xobeh
Okawaru
Qazlal
Ru
Sif Muna
Trog
Uskayaw
Vehumet
Wu Jian
Xom
Yredelemnul
Zin
The Shining One
Jiyva
Lugonu


Innate Abilities, Weirdness & Mutations

You have a pair of horns on your head.
You reflexively headbutt those who attack you in melee.


Message History

The ten-headed hydra bites you but does no damage. x2
The ten-headed hydra bites you. The ten-headed hydra bites you!
The ten-headed hydra bites you but does no damage.
You lop one of the ten-headed hydra's heads off!
The nine-headed hydra grows two more!
You slice the 11-headed hydra!!
The 11-headed hydra seems to slow down.
You freeze the 11-headed hydra!
The 11-headed hydra is severely wounded.
You hack one of the 11-headed hydra's heads off!
The ten-headed hydra grows two more!
You slash the 12-headed hydra!
The 12-headed hydra seems to slow down.
You freeze the 12-headed hydra.
The 12-headed hydra is almost dead.
The 12-headed hydra bites you but does no damage.
The 12-headed hydra bites you!
* * * LOW HITPOINT WARNING * * *
The 12-headed hydra closely misses you. The 12-headed hydra barely misses you.
The 12-headed hydra bites you.
* * * LOW HITPOINT WARNING * * *
The 12-headed hydra bites you!
* * * LOW HITPOINT WARNING * * *
The 12-headed hydra closely misses you. The 12-headed hydra bites you!
* * * LOW HITPOINT WARNING * * *
The 12-headed hydra bites you!
* * * LOW HITPOINT WARNING * * *
The 12-headed hydra bites you but does no damage. x2
The 12-headed hydra barely misses you.
You chop one of the 12-headed hydra's heads off!
The 11-headed hydra grows two more!
You slice the 13-headed hydra!! You freeze the 13-headed hydra.
You kill the 13-headed hydra!
Your Fighting skill gained 2 levels and is now at level 12!
Your Polearms skill gained 2 levels and is now at level 16!
Your Armour skill gained 2 levels and is now at level 12!
You have reached level 8!
You feel agile.
You barely miss the tengu warrior. You headbutt the tengu warrior.
The tengu warrior is lightly wounded.
The tengu warrior slips past you!
The tengu warrior hits you with a +1 long sword!
You die...
Your body crumbles into a pile of gold.

▓.▓
▓.▓
▓)▓
▓.▓
▓.▓
▓.▓
▓.▓
▓Q▓
▓@▓
▓$▓
▓c▓
▓.▓
▓c▓
▓O▓
▓c▓
▓.▓


You could see a tengu warrior, 3 centaur warriors and a two-headed ogre.

Vanquished Creatures
  A hydra (D)
  A troll (D)
  2 yaks (D)
  A vampire mosquito (D)
  An orc warrior (D)
  An ogre (D)
  A killer bee (D)
  A bombardier beetle (D)
  A hound (D)
  An iguana (D)
  A dart slug (D)
  An endoplasm (D)
  A hobgoblin (D)
  A kobold (D)
  A quokka (D)
  A rat (D)
17 creatures vanquished.

Notes
Turn   | Place    | Note
-------+----------+-------------------------------------------
     0 | D        | Heoruswealwe the Minotaur Fighter began the quest for the
                  | Orb.
     0 | D        | Reached XP level 1. HP: 19/19 MP: 0/0
     5 | D        | Reached skill level 3 in Polearms
    20 | D        | Noticed a hound
    20 | D        | Noticed an iguana
    20 | D        | Noticed a bombardier beetle
    20 | D        | Noticed an ogre
    23 | D        | Reached skill level 4 in Polearms
    23 | D        | Reached XP level 2. HP: 26/28 MP: 1/1
    24 | D        | Reached skill level 5 in Fighting
    24 | D        | Reached skill level 5 in Polearms
    24 | D        | Reached skill level 5 in Armour
    24 | D        | Reached XP level 3. HP: 33/36 MP: 2/2
    27 | D        | Reached skill level 6 in Polearms
    30 | D        | Reached skill level 7 in Polearms
    30 | D        | Reached XP level 4. HP: 41/44 MP: 3/3
    31 | D        | Killed an ogre
    32 | D        | Reached skill level 9 in Polearms
    32 | D        | Reached XP level 5. HP: 25/52 MP: 4/4
    37 | D        | Found a snail-covered altar of Cheibriados.
    37 | D        | Found a shadowy altar of Dithmenos.
    37 | D        | Found a white marble altar of Elyvilon.
    37 | D        | Found a blossoming altar of Fedhas.
    37 | D        | Found an opulent altar of Gozag.
    38 | D        | Found a hazy altar of Hepliaklqana.
    39 | D        | Found a viscous altar of Jiyva.
    40 | D        | Found an ancient bone altar of Kikubaaqudgha.
    41 | D        | Found a corrupted altar of Lugonu.
    42 | D        | Found a burning altar of Makhleb.
    43 | D        | Found a sparkling altar of Nemelex Xobeh.
    44 | D        | Found an iron altar of Okawaru.
    45 | D        | Became a worshipper of Gozag Ym Sagoz the Greedy
    46 | D        | Found a stormy altar of Qazlal.
    47 | D        | Found a sacrificial altar of Ru.
    48 | D        | Found a shimmering blue altar of Sif Muna.
    49 | D        | Found a bloodstained altar of Trog.
    50 | D        | Found a hide-covered altar of Uskayaw.
    51 | D        | Found a radiant altar of Vehumet.
    52 | D        | Found an ornate altar of the Wu Jian Council.
    53 | D        | Found a shimmering altar of Xom.
    54 | D        | Found a basalt altar of Yredelemnul.
    55 | D        | Found a glowing silver altar of Zin.
    56 | D        | Found a glowing golden altar of the Shining One.
    64 | D        | Found the +12 glaive of Prune {freeze, Prune}
   127 | D        | Noticed a yak
   127 | D        | Noticed a vampire mosquito
   127 | D        | Noticed a troll
   127 | D        | Noticed a yak
   127 | D        | Noticed an orc warrior
   129 | D        | Killed a yak
   130 | D        | Reached skill level 11 in Polearms
   130 | D        | Reached XP level 6. HP: 57/62 MP: 5/5
   131 | D        | Killed a vampire mosquito
   132 | D        | Reached skill level 12 in Polearms
   135 | D        | Killed a troll
   136 | D        | Reached skill level 10 in Fighting
   136 | D        | Reached skill level 13 in Polearms
   136 | D        | Reached skill level 10 in Armour
   136 | D        | Reached XP level 7. HP: 46/72 MP: 6/6
   137 | D        | Killed a yak
   138 | D        | Reached skill level 14 in Polearms
   217 | D        | Noticed an eight-headed hydra
   217 | D        | Noticed a tengu warrior
   217 | D        | Noticed a centaur warrior
   217 | D        | Noticed a centaur warrior
   217 | D        | Noticed a two-headed ogre
   217 | D        | Noticed a centaur warrior
   223 | D        | HP: 1/109 [12-headed hydra (9)]
   224 | D        | Killed a 13-headed hydra
   225 | D        | Reached skill level 16 in Polearms
   225 | D        | Reached XP level 8. HP: 1/83 MP: 7/7
   225 | D        | Mangled by a tengu warrior

Illustrated notes

Levels and vault maps discovered:
D:        linesprint [early_d, line_temple, items_1, d_10, items_2, lair_1,
          lair_end, items_3, orc_1, orc_end, items_4, d_15, swamp_1, shoals_1,
          snake_1, spider_1, d_20, vaults_1, items_5, swamp_end, shoals_end,
          snake_end, spider_end, vaults_end, d_27, items_6, zot_1, zot_end,
          crypt_end, forest_end, elf_end, slime_end, tomb_end, abyss_end,
          pan_hell_end]

Skill      XL: |  1  2  3  4  5  6  7 |
---------------+----------------------+-----
Polearms       | 4 5 7 9 11 13 16 | 16.0
Fighting       | 4 5 6 7 8 10 12 | 12.0
Armour         | 4 5 6 7 8 10 12 | 12.0
Shields        | |  3.6

Action                     |  1- 3 |  4- 6 |  7- 9 || total
---------------------------+-------+-------+-------++-------
  Melee: Trident           |    17 |     2 |       ||    19
         Headbutt          |     5 |     2 |     3 ||    10
         Glaive            |       |     8 |    12 ||    20
    Use: Potion            |     1 |       |     1 ||     2
 Armour: Scale mail        |     6 |     1 |       ||     7
         Chain mail        |       |     8 |    32 ||    40
  Dodge: Dodged            |     4 |     2 |    10 ||    16
  Block: Buckler           |     3 |       |       ||     3
